 Dungeon Crawl Stone Soup version 0.21.1-1-g345015f (webtiles) character file.

128587 inmateoo the Cruncher (level 17, -4/130 HPs)
             Began as a Gnoll Wanderer on Feb 5, 2018.
             Was an Initiate of Gozag.
             Slain by a death yak (51 damage)
             ... on level 6 of the Lair of Beasts.
             The game lasted 00:48:42 (25985 turns).

inmateoo the Cruncher (Gnoll Wanderer)             Turns: 25985, Time: 00:48:43

Health: -4/130     AC: 19    Str: 23    XL:     17   Next: 3%
Magic:  0/31       EV: 22    Int: 13    God:    Gozag
Gold:   1833       SH:  0    Dex: 18    Spells: 9/37 levels left

rFire    . . .     SeeInvis .   O - +12 flail "Dutudd" {protect, rC+}
rCold    + + .     Gourm    .   J - +2 buckler {reflect}
rNeg     . . .     Faith    .   Y - +1 troll leather armour
rPois    .         Spirit   +   T - +0 helmet
rElec    .         Reflect  +   P - scarf {cloud immunity}
rCorr    .         Harm     .   I - +1 pair of gloves {Str+3}
MR       +....                  k - +0 pair of boots
Stlth    +++++.....             t - amulet of guardian spirit
HPRegen  0.71/turn              r - ring of protection from cold
MPRegen  0.22/turn              v - +2 ring of evasion

@: lethally poisoned (-4 -> -4), sleeping, gold aura, protection aura, deflect
missiles
A: distributed training, fangs 1, strong nose
a: Potion Petition, Call Merchant, Bribe Branch, Renounce Religion


You were on level 6 of the Lair of Beasts.
You worshipped Gozag.
Gozag was most pleased with you.
You were not hungry.

You visited 3 branches of the dungeon, and saw 23 of its levels.
You also visited: Labyrinth and Ice Cave.

You collected 7727 gold pieces.
You spent 4553 gold pieces at shops.
You paid 1341 gold pieces to Gozag.

Inventory:

Hand Weapons
 m - a +2 scimitar of flaming
 A - the +8 broad axe "Hydrabane" {drain, rElec rF+}
   (You bought it in a shop on level 2 of the Orcish Mines)

   A truly terrible weapon, it drains the life of those it strikes.
   It protects you from fire.
   It insulates you from electricity.
 O - the +12 flail "Dutudd" (weapon) {protect, rC+}
   (You bought it in a shop on level 2 of the Orcish Mines)

   It protects the one who uses it against injury (+AC on strike).
   It protects you from cold.
Armour
 c - the +4 chain mail "Hemekh" {rN++ MR++ Int-3}
   (You bought it in a shop on level 4 of the Lair of Beasts)

   It affects your intelligence (-3).
   It greatly protects you from negative energy.
   It affects your resistance to hostile enchantments.
 k - a +0 pair of boots (worn)
 I - a +1 pair of gloves of strength (worn)
 J - a +2 buckler of reflection (worn)
 P - a scarf of cloud immunity (worn)
 T - a +0 helmet (worn)
 Y - a +1 troll leather armour (worn)
Jewellery
 r - a ring of protection from cold (left hand)
 t - an amulet of guardian spirit (around neck)
 v - a +2 ring of evasion (right hand)
Wands
 o - a wand of iceblast (13)
 q - a wand of paralysis (9)
 s - a wand of polymorph (14)
 z - a wand of digging (29)
 F - a wand of random effects (63)
 N - a wand of disintegration (11)
 V - a wand of enslavement (28)
Scrolls
 a - 5 scrolls of fear
 g - 12 scrolls of remove curse
 h - 7 scrolls of teleportation
 n - 6 scrolls of identify
 u - 3 scrolls of blinking
 C - 4 scrolls of amnesia
 D - a scroll of enchant armour
 H - 5 scrolls of enchant weapon
 R - a scroll of silence
 U - 2 scrolls of magic mapping
Potions
 b - 5 potions of heal wounds
 d - 2 potions of lignification
 e - 2 potions of mutation
 i - 7 potions of might
 j - 3 potions of invisibility
 l - a potion of ambrosia
 p - 6 potions of agility
 x - a potion of flight
 B - 11 potions of curing
 E - a potion of magic
 G - a potion of resistance
 M - 6 potions of haste
 S - 4 potions of brilliance
Books
 y - a book of Alchemy

   Spells                             Type                      Level
   a - Sublimation of Blood           Necromancy                   2
   b - Ignite Poison                  Fire/Transmutation/Poison    3
   c - Petrify                        Transmutation/Earth          4
   d - Alistair's Intoxication        Transmutation/Poison         5
   e - Irradiate                      Conjuration/Transmutation    5
 W - a book of the Sky

   Spells                             Type                      Level
   a - Summon Lightning Spire         Summoning/Air                4
   b - Silence                        Hexes/Air                    5
   c - Deflect Missiles               Charms/Air                   6
   d - Conjure Ball Lightning         Conjuration/Air              6
   e - Tornado                        Air                          9
Miscellaneous
 w - a phantom mirror
 K - a phial of floods
 L - a sack of spiders
 Q - a lightning rod (3/4)
Comestibles
 f - 9 rations


   Skills:
 + Level 10.9 Fighting
 + Level 10.6 Short Blades
 + Level 10.6 Long Blades
 + Level 10.6 Axes
 + Level 10.6 Maces & Flails
 + Level 10.6 Polearms
 + Level 12.2 Staves
 + Level 10.6 Slings
 + Level 10.6 Bows
 + Level 10.6 Crossbows
 + Level 10.6 Throwing
 + Level 10.6 Armour
 + Level 10.6 Dodging
 + Level 12.0 Stealth
 + Level 10.6 Shields
 + Level 11.4 Unarmed Combat
 + Level 10.6 Spellcasting
 + Level 9.0 Conjurations
 + Level 9.0 Hexes
 + Level 9.0 Charms
 + Level 9.0 Summonings
 + Level 9.0 Necromancy
 + Level 9.0 Translocations
 + Level 9.0 Transmutations
 + Level 9.0 Fire Magic
 + Level 9.0 Ice Magic
 + Level 9.0 Air Magic
 + Level 9.0 Earth Magic
 + Level 9.0 Poison Magic
 + Level 11.5 Invocations
 + Level 10.9 Evocations


You had 9 spell levels left.
You knew the following spells:

 Your Spells              Type           Power        Failure   Level  Hunger
a - Summon Small Mammal   Summ           ####         1%          1    None
b - Animate Skeleton      Necr           N/A          1%          1    None
c - Regeneration          Chrm/Necr      ####......   1%          3    #......
d - Apportation           Tloc           ####..       1%          1    None
e - Spectral Weapon       Hex/Chrm       ####....     1%          3    #......
f - Song of Slaying       Chrm           ####....     1%          2    None
g - Shroud of Golubria    Chrm/Tloc      ####......   1%          2    None
h - Borgnjor's Vile Clut  Necr/Erth      ####......   8%          5    #####..
i - Passage of Golubria   Tloc           N/A          2%          4    ###....
j - Deflect Missiles      Chrm/Air       ####......   38%         6    ######.


Dungeon Overview and Level Annotations

Branches:
Dungeon (15/15)            Temple (0/1) D:6            Lair (6/6) D:9
  Swamp (0/4) Lair:4       Spider (0/4) Lair:2        Slime (0/5) Lair:5
    Orc (2/2) D:10            Elf (0/3) Orc:2        Vaults (0/5) D:14
 Depths (0/5) D:15

Altars:
Elyvilon
Gozag
Hepliaklqana
Makhleb
Nemelex Xobeh
Qazlal
Trog

Shops:
D:4 =   D:12 (   Orc:2 (*   Lair:4 [


Innate Abilities, Weirdness & Mutations

Your experience applies equally to all skills.
You have very sharp teeth.
Your uncanny sense of smell can sniff out nearby items.


Message History

The death yak bellows!
You thump the death yak!
You bite the death yak, but do no damage.
The death yak is almost dead.
The black mamba is distracted by the nearby gold.
The death yak completely misses you.
Unknown command.
Evoke which item? (* to show all) (? for menu, Esc to quit)
Aiming: Enslavement
Press: ? - help, Shift-Dir - straight line, f - crocodile
Aim: a crocodile (chance to defeat MR: 73%)
The crocodile struggles to resist.
The black mamba hisses angrily.
The rime drake is no longer distracted by gold.
The death yak is no longer distracted by gold.
The dream sheep shake their wool and sparkle.
You feel drowsy...
You fall asleep.
The death yak gores you!!!
You die...
Your body crumbles into a pile of gold.

..........# .........)#.. ...!.
...... ..........##..#....
#...... ...........[..#....
####....... ...............#..
#P......... ...............#..
#..........
..............#..#####........$.
......[........#t##.#P..........
#.............P#@##...P.........
..####.........#Y####P.Y........
### ##..P.....SYk##.YY..<......
####.##P.YYYY..Y.Y....Y...
##......YYD....8.......
#.......8..........##.#
#............8....## #
######....8.......#
###......8.....


You could see 4 death yaks, a six-headed hydra (wandering), a black mamba, a
rime drake, a crocodile and 4 dream sheep.

Vanquished Creatures
  Kirke (D:14)
  A reaper (IceCv)
  The ghost of Lovchig the Cleaver, a journeyman DDFi of Makhleb (D:13)
  The ghost of Lanoc the Impaler, a journeyman MfMo of Fedhas (Lair:1)
  A minotaur (Lab)
  Fannar (D:10)
  The ghost of p0werm0de the Grappler, a journeyman VSCK of Cheibriados (D:13)
  A vault guard (D:14)
  4 hydras
  2 centaur warriors
  2 death yaks (Lair:6)
  4 ogre magi
  3 tengu warriors
  21 two-headed ogres
  A fire crab (Lair:6)
  A sea snake (D:12)
  A death drake (shapeshifter) (D:15)
  Pikel (D:6)
  3 unseen horrors
  4 orc knights
  A wolf spider zombie (D:13)
  3 deep elf magi
  A manticore (D:15)
  11 ugly things
  An orc sorcerer (Orc:1)
  A mana viper (D:12)
  A salamander (shapeshifter) (D:14)
  3 ice statues
  11 elephants
  5 cyclopes
  A centaur zombie (D:12)
  5 black mambas
  9 spiny frogs
  2 gargoyles (D:13)
  4 centaur skeletons
  An efreet (D:15)
  A freezing wraith (D:14)
  A kobold demonologist (D:14)
  5 komodo dragons
  5 yaktaurs (D:15)
  3 tengu conjurers
  A redback zombie (D:15)
  9 ice devils
  5 trolls
  3 polar bears
  A harpy skeleton (D:15)
  A wolf spider simulacrum (D:15)
  9 blink frogs
  A meliai zombie (D:15)
  11 slime creatures
  7 hippogriffs
  2 shadows (D:14)
  3 vampires
  A spriggan (D:7)
  5 wyverns
  A centaur simulacrum (D:14)
  A yak (shapeshifter) (D:15)
  5 wraiths
  3 hungry ghosts
  Eustachio (D:6)
  18 yaks
  6 basilisks
  7 vampire mosquitoes
  5 hogs (D:14)
  4 wargs
  A soldier ant (D:12)
  6 swamp worms (Lair:4)
  5 acid dragons
  19 water moccasins
  A swamp drake (Lair:2)
  18 orc warriors
  13 porcupines
  2 eyes of draining (D:13)
  31 ogres
  A necrophage (D:10)
  3 sky beasts
  2 phantoms
  4 ice beasts
  13 wolves
  13 crocodiles
  8 centaurs
  A big kobold (D:14)
  22 bullfrogs
  Blork the orc (D:5)
  7 scorpions
  2 water moccasin skeletons
  3 wyvern skeletons
  19 wights
  12 killer bees (D:7)
  6 howler monkeys
  2 electric eels (D:11)
  5 crimson imps
  5 bullfrog zombies
  19 orc priests
  A bullfrog skeleton (D:2)
  2 hounds
  4 jellies
  20 orc wizards
  Crazy Yiuf (D:2)
  Jessica (D:2)
  3 iguanas
  7 worker ants
  A killer bee zombie (D:8)
  A hound zombie (D:10)
  A hound skeleton (D:8)
  A worker ant zombie (D:11)
  2 howler monkey zombies (D:11)
  3 gnolls (D:7)
  30 adders
  A river rat (shapeshifter) (Orc:1)
  A shadow imp (D:5)
  13 white imps
  6 ufetubi (IceCv)
  An ooze (D:1)
  An adder zombie (D:8)
  An adder skeleton (D:8)
  4 worms
  A dart slug (D:1)
  4 leopard geckos
  80 orcs
  5 giant cockroaches
  6 goblins
  9 hobgoblins
  11 jackals
  3 quokkas
  9 bats
  7 frilled lizards
  9 kobolds
  A quokka skeleton (D:7)
  3 rats
  A plant (D:11)
739 creatures vanquished.

Vanquished Creatures (collateral kills)
  2 deep elf magi (D:13)
  A cyclops (D:13)
  2 iguanas (D:13)
5 creatures vanquished.

Vanquished Creatures (others)
  An acid dragon (D:6)
  A slave (D:6)
  3 centaurs (D:15)
  2 orc wizards (D:6)
  A white imp (IceCv)
  2 ufetubi (IceCv)
  2 orcs (Orc:2)
  4 fungi
  3 plants
  26 spectral weapons
45 creatures vanquished.

Grand Total: 789 creatures vanquished

Notes
Turn   | Place    | Note
-------+----------+-------------------------------------------
     0 | D:1      | inmateoo the Gnoll Wanderer began the quest for the Orb.
     0 | D:1      | inmateoo set off with: a +2 dagger, a potion of heal wounds, a +0 quarterstaff, a potion of curing, a +0 robe, a ration
     0 | D:1      | Reached XP level 1. HP: 17/17 MP: 2/2
   138 | D:2      | Reached XP level 2. HP: 10/23 MP: 3/3
   328 | D:2      | Noticed Jessica
   338 | D:2      | Killed Jessica
   338 | D:2      | Reached XP level 3. HP: 28/28 MP: 4/4
   391 | D:2      | Reached skill level 1 in Invocations
   427 | D:2      | Reached skill level 1 in Short Blades
   427 | D:2      | Reached skill level 1 in Long Blades
   427 | D:2      | Reached skill level 1 in Axes
   427 | D:2      | Reached skill level 1 in Maces & Flails
   427 | D:2      | Reached skill level 1 in Polearms
   427 | D:2      | Reached skill level 1 in Slings
   427 | D:2      | Reached skill level 1 in Bows
   427 | D:2      | Reached skill level 1 in Crossbows
   427 | D:2      | Reached skill level 1 in Throwing
   427 | D:2      | Reached skill level 1 in Armour
   427 | D:2      | Reached skill level 1 in Dodging
   427 | D:2      | Reached skill level 1 in Shields
   427 | D:2      | Reached skill level 1 in Spellcasting
   617 | D:2      | Reached XP level 4. HP: 21/34 MP: 6/6
   814 | D:2      | Reached skill level 1 in Conjurations
   814 | D:2      | Reached skill level 1 in Hexes
   814 | D:2      | Reached skill level 1 in Charms
   814 | D:2      | Reached skill level 1 in Summonings
   814 | D:2      | Reached skill level 1 in Necromancy
   814 | D:2      | Reached skill level 1 in Translocations
   814 | D:2      | Reached skill level 1 in Transmutations
   814 | D:2      | Reached skill level 1 in Fire Magic
   814 | D:2      | Reached skill level 1 in Ice Magic
   814 | D:2      | Reached skill level 1 in Air Magic
   814 | D:2      | Reached skill level 1 in Earth Magic
   814 | D:2      | Reached skill level 1 in Poison Magic
  1209 | D:2      | Found a runed door.
  1817 | D:3      | Reached XP level 5. HP: 34/40 MP: 7/7
  2676 | D:2      | Noticed Crazy Yiuf
  2680 | D:2      | Learned a level 1 spell: Summon Small Mammal
  2694 | D:2      | Killed Crazy Yiuf
  3507 | D:3      | Reached XP level 6. HP: 47/47 MP: 8/8
  3882 | D:4      | Noticed a phantom
  3904 | D:4      | Killed a phantom
  3904 | D:4      | Reached skill level 5 in Unarmed Combat
  4151 | D:4      | Found Latutsus's Jewellery Shop.
  4374 | D:4      | Learned a level 1 spell: Animate Skeleton
  4393 | D:4      | Reached XP level 7. HP: 52/52 MP: 10/10
  4612 | D:5      | Entered Level 5 of the Dungeon
  5014 | D:5      | Noticed Blork the orc
  5018 | D:5      | Killed Blork the orc
  5112 | D:5      | Reached XP level 8. HP: 44/60 MP: 9/12
  5135 | D:5      | Found an opulent altar of Gozag.
  5454 | D:5      | Became a worshipper of Gozag Ym Sagoz the Greedy
  5621 | D:6      | Found a staircase to the Ecumenical Temple.
  5806 | D:6      | Noticed a hippogriff
  5813 | D:6      | Killed a hippogriff
  5845 | D:6      | Noticed Pikel
  5854 | D:6      | Noticed Eustachio
  5856 | D:6      | Killed Pikel
  5856 | D:6      | Reached XP level 9. HP: 35/66 MP: 9/14
  5883 | D:6      | Found a hazy altar of Hepliaklqana.
  5886 | D:6      | Killed Eustachio
  6398 | D:7      | Reached skill level 5 in Fighting
  6398 | D:7      | Reached skill level 5 in Evocations
  6583 | D:7      | Found a stormy altar of Qazlal.
  6583 | D:7      | Found a sparkling altar of Nemelex Xobeh.
  6588 | D:7      | Found a faded altar of an unknown god.
  6590 | D:7      | Found a bloodstained altar of Trog.
  6592 | D:7      | Found a burning altar of Makhleb.
  6780 | D:7      | Reached skill level 5 in Invocations
  7117 | D:8      | Reached XP level 10. HP: 63/74 MP: 12/17
  7633 | D:9      | Reached skill level 5 in Short Blades
  7633 | D:9      | Reached skill level 5 in Long Blades
  7633 | D:9      | Reached skill level 5 in Axes
  7633 | D:9      | Reached skill level 5 in Maces & Flails
  7633 | D:9      | Reached skill level 5 in Polearms
  7633 | D:9      | Reached skill level 5 in Slings
  7633 | D:9      | Reached skill level 5 in Bows
  7633 | D:9      | Reached skill level 5 in Crossbows
  7633 | D:9      | Reached skill level 5 in Throwing
  7633 | D:9      | Reached skill level 5 in Armour
  7633 | D:9      | Reached skill level 5 in Dodging
  7633 | D:9      | Reached skill level 5 in Shields
  7633 | D:9      | Reached skill level 5 in Spellcasting
  7883 | D:9      | Found a staircase to the Lair.
  7927 | D:9      | You fall through a shaft!
  7927 | D:10     | Entered Level 10 of the Dungeon
  7986 | D:10     | Noticed a two-headed ogre
  8060 | D:10     | Killed a two-headed ogre
  8669 | D:10     | Got a pitted quarterstaff
  8670 | D:10     | Identified the cursed +1 quarterstaff "Zeycrargh" {freeze, +Blink} (You found it on level 10 of the Dungeon)
  8688 | D:10     | Learned a level 3 spell: Regeneration
  8690 | D:10     | Learned a level 1 spell: Apportation
  8694 | D:10     | Learned a level 3 spell: Spectral Weapon
  8697 | D:10     | Learned a level 2 spell: Song of Slaying
  8700 | D:10     | Learned a level 2 spell: Shroud of Golubria
  8740 | D:10     | Found a staircase to the Orcish Mines.
  8746 | Orc:1    | Entered Level 1 of the Orcish Mines
  8751 | Orc:1    | Noticed Fannar
  8791 | D:10     | Reached XP level 11. HP: 56/81 MP: 13/19
  9070 | Orc:1    | Noticed an orc sorcerer
  9078 | Orc:1    | Killed an orc sorcerer
  9328 | Orc:1    | Found a dark tunnel.
  9565 | Orc:2    | Entered Level 2 of the Orcish Mines
  9739 | Orc:2    | Noticed an orc knight
  9739 | Orc:2    | Noticed an orc knight
  9763 | Orc:1    | Reached skill level 5 in Conjurations
  9763 | Orc:1    | Reached skill level 5 in Hexes
  9763 | Orc:1    | Reached skill level 5 in Charms
  9763 | Orc:1    | Reached skill level 5 in Summonings
  9763 | Orc:1    | Reached skill level 5 in Necromancy
  9763 | Orc:1    | Reached skill level 5 in Translocations
  9763 | Orc:1    | Reached skill level 5 in Transmutations
  9763 | Orc:1    | Reached skill level 5 in Fire Magic
  9763 | Orc:1    | Reached skill level 5 in Ice Magic
  9763 | Orc:1    | Reached skill level 5 in Air Magic
  9763 | Orc:1    | Reached skill level 5 in Earth Magic
  9763 | Orc:1    | Reached skill level 5 in Poison Magic
  9864 | Orc:2    | Found Simel's Distillery.
  9864 | Orc:2    | Noticed a two-headed ogre
  9864 | Orc:2    | Noticed an ogre mage
  9864 | Orc:2    | Noticed a two-headed ogre
  9864 | Orc:2    | Noticed a two-headed ogre
  9865 | Orc:2    | Noticed a two-headed ogre
  9865 | Orc:2    | Noticed an ogre mage
  9865 | Orc:2    | Noticed a two-headed ogre
  9868 | Orc:2    | Noticed an ogre mage
  9868 | Orc:2    | Noticed a two-headed ogre
  9868 | Orc:2    | Noticed a two-headed ogre
  9868 | Orc:2    | Noticed an ogre mage
  9869 | Orc:2    | Noticed an orc knight
  9870 | Orc:2    | Noticed a two-headed ogre
  9882 | Orc:1    | Killed a two-headed ogre
  9885 | Orc:1    | Killed a two-headed ogre
  9898 | Orc:1    | Killed a two-headed ogre
 10383 | D:10     | Killed Fannar
 10405 | D:11     | Found a labyrinth entrance.
 10483 | Lab      | Entered a labyrinth
 10639 | Lab      | Noticed a minotaur
 10656 | Lab      | Killed a minotaur
 10808 | D:11     | Killed an unseen horror
 10808 | D:11     | Reached XP level 12. HP: 62/91 MP: 12/22
 11765 | D:12     | Noticed Josephine
 11779 | D:13     | Noticed Lovchig's ghost (journeyman DDFi)
 12303 | D:13     | Noticed a two-headed ogre
 12312 | D:13     | Killed a two-headed ogre
 12372 | D:13     | Noticed p0werm0de's ghost (journeyman VSCK)
 12389 | D:13     | Killed p0werm0de's ghost
 12495 | D:13     | Reached skill level 10 in Staves
 13030 | D:13     | Noticed a tengu warrior
 13040 | D:13     | Killed a tengu warrior
 13046 | D:13     | Reached XP level 13. HP: 57/98 MP: 13/24
 13686 | D:12     | Learned a level 5 spell: Borgnjor's Vile Clutch
 13798 | D:12     | Noticed Nessos
 13802 | D:12     | Noticed Nessos
 13802 | D:12     | Nessos changed into Nessos the mana viper
 13811 | D:12     | Killed Nessos the mana viper
 14005 | D:12     | Reached skill level 10 in Stealth
 14043 | D:12     | Noticed Sonja
 14045 | D:12     | Noticed Sonja
 14045 | D:12     | Sonja changed into Sonja the tengu
 14051 | D:12     | Noticed Sonja
 14051 | D:12     | Sonja the tengu changed into Sonja the warg
 14057 | D:12     | Killed Sonja the warg
 14548 | D:12     | Noticed Josephine
 14548 | D:12     | Josephine changed into Josephine the cyclops
 14552 | D:12     | Killed Josephine the cyclops
 15103 | D:12     | Identified a scroll of acquirement
 15132 | D:12     | Bought the +8 spear of Xavilac {venom, *Corrode rN+ Int+3 Dex+7} for 1123 gold pieces
 15705 | D:13     | Killed Lovchig's ghost
 15875 | D:14     | Found a white marble altar of Elyvilon.
 15878 | D:15     | Entered Level 15 of the Dungeon
 16670 | D:15     | Reached XP level 14. HP: 108/108 MP: 14/26
 16808 | D:15     | Reached skill level 10 in Unarmed Combat
 17174 | D:15     | Found a staircase to the Depths.
 18400 | D:14     | Noticed Kirke
 18414 | D:14     | Reached skill level 10 in Invocations
 18444 | D:14     | Killed Kirke
 18640 | D:14     | Found a gate to the Vaults.
 19639 | Orc:1    | Reached XP level 15. HP: 86/115 MP: 22/28
 19793 | Orc:2    | Found a staircase to the Elven Halls.
 19843 | Orc:2    | Reached skill level 10 in Fighting
 19843 | Orc:2    | Reached skill level 10 in Evocations
 19978 | Orc:2    | Found Geugid's Distillery.
 19978 | Orc:2    | Found Giseag's Antique Weapon Emporium.
 19978 | Orc:2    | Found Koazyett's General Store.
 20014 | Orc:2    | Bought a steaming broad axe for 297 gold pieces
 20014 | Orc:2    | Identified the +8 broad axe "Hydrabane" {drain, rElec rF+} (You bought it in a shop on level 2 of the Orcish Mines)
 20019 | Orc:2    | Bought a scroll of identify for 34 gold pieces
 20019 | Orc:2    | Bought a scroll of identify for 34 gold pieces
 20019 | Orc:2    | Bought a scroll of teleportation for 51 gold pieces
 20305 | Orc:2    | Bought a potion of agility for 44 gold pieces
 20305 | Orc:2    | Bought a potion of lignification for 33 gold pieces
 20305 | Orc:2    | Bought a potion of might for 44 gold pieces
 20305 | Orc:2    | Bought a potion of might for 44 gold pieces
 20305 | Orc:2    | Bought 2 potions of invisibility for 176 gold pieces
 20305 | Orc:2    | Bought a potion of curing for 33 gold pieces
 20305 | Orc:2    | Bought a potion of curing for 33 gold pieces
 20305 | Orc:2    | Bought a potion of lignification for 33 gold pieces
 20305 | Orc:2    | Bought a potion of agility for 44 gold pieces
 20305 | Orc:2    | Bought a potion of resistance for 110 gold pieces
 20308 | Orc:2    | Bought a potion of might for 52 gold pieces
 20308 | Orc:2    | Bought a potion of invisibility for 104 gold pieces
 20308 | Orc:2    | Bought 2 potions of curing for 78 gold pieces
 20308 | Orc:2    | Bought a potion of flight for 39 gold pieces
 20308 | Orc:2    | Bought a potion of haste for 130 gold pieces
 20308 | Orc:2    | Bought a potion of curing for 39 gold pieces
 20308 | Orc:2    | Bought a potion of curing for 39 gold pieces
 20308 | Orc:2    | Bought a potion of curing for 39 gold pieces
 20308 | Orc:2    | Bought a potion of agility for 52 gold pieces
 20308 | Orc:2    | Bought a potion of curing for 39 gold pieces
 20308 | Orc:2    | Bought a potion of haste for 130 gold pieces
 20308 | Orc:2    | Bought a potion of experience for 650 gold pieces
 20311 | Orc:2    | Bought a crystal flail for 280 gold pieces
 20313 | Orc:2    | Identified the +12 flail "Dutudd" {protect, rC+} (You bought it in a shop on level 2 of the Orcish Mines)
 20314 | Orc:2    | Reached XP level 16. HP: 122/122 MP: 29/29
 20392 | Lair:1   | Entered Level 1 of the Lair of Beasts
 20475 | Lair:1   | Reached skill level 10 in Short Blades
 20475 | Lair:1   | Reached skill level 10 in Long Blades
 20475 | Lair:1   | Reached skill level 10 in Axes
 20475 | Lair:1   | Reached skill level 10 in Maces & Flails
 20475 | Lair:1   | Reached skill level 10 in Polearms
 20475 | Lair:1   | Reached skill level 10 in Slings
 20475 | Lair:1   | Reached skill level 10 in Bows
 20475 | Lair:1   | Reached skill level 10 in Crossbows
 20475 | Lair:1   | Reached skill level 10 in Throwing
 20475 | Lair:1   | Reached skill level 10 in Armour
 20475 | Lair:1   | Reached skill level 10 in Dodging
 20475 | Lair:1   | Reached skill level 10 in Shields
 20475 | Lair:1   | Reached skill level 10 in Spellcasting
 20600 | Lair:1   | Noticed Lanoc's ghost (journeyman MfMo)
 20618 | Lair:1   | Killed Lanoc's ghost
 21624 | Lair:2   | Found a hole to the Spider Nest.
 22866 | Lair:4   | You are sucked into a shaft!
 23316 | Lair:5   | Found a staircase to the Slime Pits.
 23833 | Lair:4   | Identified the Almanac of Dislocated Poison
 23843 | Lair:4   | Learned a level 4 spell: Passage of Golubria
 23850 | Lair:4   | Learned a level 6 spell: Deflect Missiles
 23886 | Lair:4   | Bought the +4 chain mail "Hemekh" {rN++ MR++ Int-3} for 749 gold pieces
 24714 | Lair:4   | Found a staircase to the Swamp.
 25242 | Lair:6   | Entered Level 6 of the Lair of Beasts
 25244 | Lair:6   | Found a frozen archway.
 25365 | IceCv    | Entered an ice cave
 25816 | Lair:6   | Reached XP level 17. HP: 85/130 MP: 18/31
 25985 | Lair:6   | Slain by a death yak

Skill      XL: |  1  2  3  4  5  6  7  8  9 10 11 12 13 14 15 16 |
---------------+-------------------------------------------------+-----
Stealth        | 6 7 8 9 10 11 12 | 12.0
Invocations    | 1 2 3 4 5 6 7 8 9 10 11 | 11.5
Short Blades   | 1 2 3 4 5 6 7 8 9 10 | 10.6
Long Blades    | 1 2 3 4 5 6 7 8 9 10 | 10.6
Axes           | 1 2 3 4 5 6 7 8 9 10 | 10.6
Maces & Flails | 1 2 3 4 5 6 7 8 9 10 | 10.6
Polearms       | 1 2 3 4 5 6 7 8 9 10 | 10.6
Slings         | 1 2 3 4 5 6 7 8 9 10 | 10.6
Bows           | 1 2 3 4 5 6 7 8 9 10 | 10.6
Crossbows      | 1 2 3 4 5 6 7 8 9 10 | 10.6
Throwing       | 1 2 3 4 5 6 7 8 9 10 | 10.6
Armour         | 1 2 3 4 5 6 7 8 9 10 | 10.6
Dodging        | 1 2 3 4 5 6 7 8 9 10 | 10.6
Shields        | 1 2 3 4 5 6 7 8 9 10 | 10.6
Spellcasting   | 1 2 3 4 5 6 7 8 9 10 | 10.6
Conjurations   | 1 2 3 4 5 6 7 8 9 |  9.0
Hexes          | 1 2 3 4 5 6 7 8 9 |  9.0
Charms         | 1 2 3 4 5 6 7 8 9 |  9.0
Summonings     | 1 2 3 4 5 6 7 8 9 |  9.0
Necromancy     | 1 2 3 4 5 6 7 8 9 |  9.0
Translocations | 1 2 3 4 5 6 7 8 9 |  9.0
Transmutations | 1 2 3 4 5 6 7 8 9 |  9.0
Fire Magic     | 1 2 3 4 5 6 7 8 9 |  9.0
Ice Magic      | 1 2 3 4 5 6 7 8 9 |  9.0
Air Magic      | 1 2 3 4 5 6 7 8 9 |  9.0
Earth Magic    | 1 2 3 4 5 6 7 8 9 |  9.0
Poison Magic   | 1 2 3 4 5 6 7 8 9 |  9.0
Fighting       | 3 4 5 6 7 8 9 10 | 10.9
Evocations     | 3 4 5 6 7 8 9 10 | 10.9
Unarmed Combat | 5 6 7 8 9 10 11 | 11.4
Staves         | 7 8 9 10 11 12 | 12.2

Action                   |  1- 3 |  4- 6 |  7- 9 | 10-12 | 13-15 | 16-18 || total
-------------------------+-------+-------+-------+-------+-------+-------++-------
Melee: Quarterstaff      |    45 |   119 |   142 |   488 |   146 |       ||   940
       Dagger            |     4 |       |       |       |       |       ||     4
       Bite              |     5 |    14 |    35 |    99 |   189 |    91 ||   433
       Whip              |       |    44 |   147 |   154 |       |       ||   345
       Punch             |       |     2 |     5 |     2 |       |       ||     9
       Unarmed           |       |       |    24 |    10 |    14 |       ||    48
       Spear             |       |       |       |       |   762 |       ||   762
       Broad axe         |       |       |       |       |    12 |       ||    12
       Flail             |       |       |       |       |       |   617 ||   617
 Cast: Summon Small Mamm |       |     4 |       |     4 |     2 |       ||    10
       Spectral Weapon   |       |       |       |    15 |    64 |    57 ||   136
       Regeneration      |       |       |       |     6 |    16 |    10 ||    32
       Song of Slaying   |       |       |       |       |     1 |       ||     1
       Deflect Missiles  |       |       |       |       |       |     1 ||     1
Invok: Call Merchant     |       |       |       |       |     1 |     1 ||     2
Evoke: Wand              |       |       |     1 |    38 |    16 |     9 ||    64
       Phial of floods   |       |       |       |     1 |       |     1 ||     2
       Lightning rod     |       |       |       |       |       |     4 ||     4
  Use: Scroll            |       |    10 |     8 |     9 |     5 |     6 ||    38
       Potion            |       |     3 |     2 |     3 |     3 |     1 ||    12
 Stab: Sleeping          |     4 |    19 |    11 |     3 |     4 |     1 ||    42
       Distracted        |       |     1 |     4 |     4 |    20 |    16 ||    45
       Paralysed         |       |       |     3 |    29 |    14 |       ||    46
       Confused          |       |       |       |     4 |     2 |       ||     6
       Petrified         |       |       |       |     8 |     2 |       ||    10
       Petrifying        |       |       |       |     1 |     3 |       ||     4
  Eat: Chunk             |       |    11 |     5 |       |       |       ||    16
       Ration            |       |       |     1 |     8 |     8 |     6 ||    23
Armor: Robe              |     7 |    30 |    36 |       |       |       ||    73
       Skin              |       |       |    23 |     4 |     8 |       ||    35
       Leather armour    |       |       |    38 |    29 |       |       ||    67
       Ring mail         |       |       |       |    35 |       |       ||    35
       Chain mail        |       |       |       |   204 |   184 |   194 ||   582
       Troll leather arm |       |       |       |       |       |    10 ||    10
Dodge: Dodged            |    30 |    89 |   199 |   453 |   421 |   378 ||  1570
Block: Buckler           |       |       |       |       |   231 |   268 ||   499
       Reflection        |       |       |       |       |    15 |     3 ||    18
